General information
- name: BNet
- type: Ladder team game (AT/RT)
- host: Battle.net
- saver: FACE.FUC.KER
map: GolemsInTheMist
- players: 8
- length: 44:14
- speed: Fast
- version: 1.26 W3XP
- replay type: Public
» download(226 KB)
Players
team 1 (loser)
DeeeeezNuuuuuts (
yellow | 20 APM | 902 actions | 44:13)
2 Blood Mage
1 Flame Strike
1 Siphon Mana
» actions
| Basic commands | 28 | |
| Build / train | 77 | |
| ESC pressed | 2 | |
| Enter build submenu | 39 | |
| Enter hero's abilities submenu | 3 | |
| Right click | 278 | |
| Select / deselect | 413 | |
| Use ability | 62 | |
902 total
» units
| Peasant | 32 | |
| Footman | 3 | |
| Goblin Shredder | 1 | |
| Siege Engine | 9 | |
| Mortar Team | 2 | |
47 total
» upgrades
| Gunpowder | 3 | |
| Plating | 1 | |
| Lumber Harvesting | 2 | |
| Masonry | 3 | |
| Barrage | 1 | |
10 total
» buildings
| Farm | 13 | |
| Altar of Kings | 1 | |
| Arcane Vault | 1 | |
| Lumber Mill | 1 | |
| Barracks | 1 | |
| Town Hall | 3 | |
| Keep | 1 | |
| Scout Tower | 10 | |
| Guard Tower | 7 | |
| Castle | 1 | |
| Blacksmith | 1 | |
| Workshop | 5 | |
45 total
» build order
00:10 Farm
00:12 Altar of Kings
00:50 Farm
01:04 Arcane Vault
01:51 Lumber Mill
02:28 Barracks
02:34 Farm
03:44 Town Hall
04:39 Keep
05:22 Farm
05:43 Scout Tower
05:46 Scout Tower
05:49 Scout Tower
05:56 Scout Tower
06:55 Guard Tower
06:58 Scout Tower
07:00 Scout Tower
07:02 Castle
07:17 Blacksmith
07:26 Farm
07:28 Guard Tower
07:36 Farm
07:42 Farm
07:44 Farm
07:46 Farm
07:57 Guard Tower
08:07 Workshop
08:13 Workshop
08:27 Farm
08:30 Farm
08:39 Workshop
08:45 Farm
08:49 Farm
09:27 Workshop
10:01 Workshop
10:50 Scout Tower
11:20 Guard Tower
11:22 Scout Tower
11:49 Guard Tower
11:51 Scout Tower
12:44 Guard Tower
19:04 Scout Tower
19:37 Guard Tower
19:43 Town Hall
22:56 Town Hall
» items
| Lesser Clarity Potion | 1 | |
| Scroll of Regeneration | 1 | |
| Scroll of Town Portal | 3 | |
| Potion of Healing | 3 | |
8 total
BoogerJones (
green | 35 APM | 1526 actions | 44:13)
6 Blademaster
3 Wind Walk
2 Critical Strike
1 Bladestorm
» actions
| Assign group hotkey | 57 | |
| Basic commands | 157 | |
| Build / train | 61 | |
| Enter build submenu | 42 | |
| Enter hero's abilities submenu | 6 | |
| Give item / drop item | 2 | |
| Remove unit from queue | 3 | |
| Right click | 619 | |
| Select / deselect | 255 | |
| Select group hotkey | 204 | |
| Use ability | 120 | |
1526 total
» units
| Peon | 13 | |
| Grunt | 6 | |
| Goblin Shredder | 1 | |
| Goblin Sapper | 1 | |
| Troll Batrider | 3 | |
| Goblin Zeppelin | 1 | |
25 total
» upgrades
| Troll Regeneration | 1 | |
| Reinforced Defenses | 1 | |
| Ranged Weapons | 2 | |
| Armor | 2 | |
| Liquid Fire | 1 | |
7 total
» buildings
| Orc Burrow | 9 | |
| Altar of Storms | 2 | |
| Barracks | 1 | |
| Voodoo Lounge | 3 | |
| Stronghold | 2 | |
| War Mill | 3 | |
| Great Hall | 2 | |
| Watch Tower | 18 | |
| Fortress | 2 | |
| Beastiary | 4 | |
46 total
» build order
00:13 Orc Burrow
00:53 Altar of Storms
00:54 Barracks
01:03 Orc Burrow
01:08 Orc Burrow
01:45 Voodoo Lounge
02:52 Stronghold
03:56 Orc Burrow
05:07 War Mill
06:12 Great Hall
06:21 Watch Tower
06:22 Watch Tower
06:23 Watch Tower
06:24 Watch Tower
06:29 Watch Tower
06:35 Watch Tower
06:51 Orc Burrow
07:38 Fortress
07:42 Watch Tower
07:46 Watch Tower
08:32 Voodoo Lounge
08:43 Beastiary
08:43 Beastiary
08:48 Beastiary
08:52 Beastiary
10:24 War Mill
10:27 War Mill
15:31 Stronghold
18:13 Altar of Storms
18:41 Orc Burrow
18:46 Orc Burrow
18:51 Orc Burrow
18:55 Orc Burrow
20:30 Great Hall
20:32 Watch Tower
20:33 Watch Tower
20:34 Watch Tower
20:34 Watch Tower
20:36 Watch Tower
20:37 Watch Tower
20:37 Watch Tower
20:38 Watch Tower
21:50 Voodoo Lounge
21:53 Watch Tower
21:55 Watch Tower
23:44 Fortress
» items
| Healing Salve | 5 | |
| Lesser Clarity Potion | 1 | |
| Potion of Mana | 1 | |
| Potion of Healing | 4 | |
| Scroll of Regeneration | 1 | |
| Scroll of Town Portal | 1 | |
| Orb of Fire | 1 | |
| Orb of Lightning | 1 | |
15 total
TOSH2.0 (
purple | 49 APM | 2182 actions | 44:13)
5 Blood Mage
3 Flame Strike
2 Siphon Mana
» actions
| Assign group hotkey | 57 | |
| Basic commands | 95 | |
| Build / train | 73 | |
| Enter build submenu | 19 | |
| Enter hero's abilities submenu | 5 | |
| Remove unit from queue | 2 | |
| Right click | 802 | |
| Select / deselect | 273 | |
| Select group hotkey | 747 | |
| Use ability | 109 | |
2182 total
» units
| Peasant | 14 | |
| Goblin Shredder | 1 | |
| Dragonhawk Rider | 2 | |
| Goblin Sapper | 6 | |
| Gryphon Rider | 3 | |
| Goblin Zeppelin | 1 | |
27 total
» upgrades
| Masonry | 3 | |
| Lumber Harvesting | 1 | |
| Cloud | 1 | |
| Storm Hammers | 1 | |
| Swords | 2 | |
| Armor | 2 | |
| Animal War Training | 1 | |
11 total
» buildings
| Altar of Kings | 1 | |
| Farm | 10 | |
| Scout Tower | 8 | |
| Arcane Vault | 1 | |
| Arcane Tower | 2 | |
| Lumber Mill | 3 | |
| Town Hall | 1 | |
| Keep | 2 | |
| Guard Tower | 8 | |
| Gryphon Aviary | 3 | |
| Castle | 1 | |
| Blacksmith | 1 | |
| Barracks | 1 | |
42 total
» build order
00:06 Altar of Kings
00:21 Farm
00:37 Scout Tower
00:53 Scout Tower
01:23 Farm
01:32 Arcane Vault
01:43 Arcane Tower
02:12 Arcane Tower
03:37 Lumber Mill
03:39 Town Hall
03:57 Farm
06:34 Lumber Mill
06:35 Keep
06:42 Scout Tower
06:42 Scout Tower
06:43 Scout Tower
06:43 Scout Tower
06:45 Scout Tower
06:45 Scout Tower
07:18 Guard Tower
07:19 Guard Tower
07:30 Guard Tower
07:33 Guard Tower
07:48 Guard Tower
07:48 Guard Tower
08:12 Farm
08:13 Farm
08:13 Farm
08:14 Farm
08:14 Farm
08:15 Farm
08:58 Gryphon Aviary
08:59 Gryphon Aviary
09:03 Gryphon Aviary
09:51 Castle
10:23 Guard Tower
10:59 Blacksmith
12:23 Barracks
12:25 Farm
34:02 Lumber Mill
» items
| Scroll of Regeneration | 3 | |
| Mechanical Critter | 2 | |
| Ivory Tower | 3 | |
| Scroll of Town Portal | 3 | |
| Staff of Sanctuary | 1 | |
| Potion of Mana | 2 | |
14 total
Surg3on (
orange | 26 APM | 1035 actions | 39:54)
3 Archmage
1 Blizzard
1 Summon Water Elemental
1 Brilliance Aura
» actions
| Assign group hotkey | 27 | |
| Basic commands | 2 | |
| Build / train | 48 | |
| Enter build submenu | 15 | |
| Enter hero's abilities submenu | 3 | |
| Right click | 362 | |
| Select / deselect | 234 | |
| Select group hotkey | 308 | |
| Use ability | 36 | |
1035 total
» units
| Peasant | 10 | |
| Rifleman | 7 | |
| Priest | 2 | |
| Dragonhawk Rider | 4 | |
| Gryphon Rider | 5 | |
28 total
» upgrades
| Gunpowder | 2 | |
| Armor | 3 | |
| Long Rifles | 1 | |
| Swords | 2 | |
| Cloud | 1 | |
| Storm Hammers | 1 | |
| Animal War Training | 1 | |
11 total
» buildings
| Altar of Kings | 1 | |
| Farm | 12 | |
| Barracks | 1 | |
| Blacksmith | 1 | |
| Keep | 1 | |
| Lumber Mill | 1 | |
| Arcane Vault | 1 | |
| Gryphon Aviary | 1 | |
| Arcane Sanctum | 1 | |
| Castle | 1 | |
21 total
» build order
00:11 Altar of Kings
00:19 Farm
00:23 Farm
01:22 Barracks
02:35 Blacksmith
02:44 Keep
03:20 Lumber Mill
03:39 Farm
03:40 Farm
03:41 Farm
03:46 Arcane Vault
05:11 Gryphon Aviary
05:34 Arcane Sanctum
05:57 Farm
05:59 Farm
07:05 Farm
07:07 Farm
07:27 Castle
14:48 Farm
14:49 Farm
14:51 Farm
» items
team 2 (winner)

»
abidu (
blue | 57 APM | 1200 actions | 20:56)
4 Demon Hunter
2 Immolation
1 Evasion
1 Mana Burn
» actions
| Assign group hotkey | 15 | |
| Build / train | 45 | |
| Enter build submenu | 18 | |
| Enter hero's abilities submenu | 4 | |
| Remove unit from queue | 2 | |
| Right click | 481 | |
| Select / deselect | 153 | |
| Select group hotkey | 458 | |
| Use ability | 24 | |
1200 total
» units
| Wisp | 11 | |
| Huntress | 8 | |
| Goblin Shredder | 1 | |
| Chimaera | 10 | |
30 total
» upgrades
| Strength of the Wild | 3 | |
| Reinforced Hides | 2 | |
| Upgrade Moon Glaive | 1 | |
| Corrosive Breath | 1 | |
7 total
» buildings
| Moon Well | 7 | |
| Ancient of War | 1 | |
| Altar of Elders | 1 | |
| Hunter's Hall | 1 | |
| Tree of Ages | 1 | |
| Ancient Protector | 2 | |
| Tree of Eternity | 1 | |
| Ancient of Wind | 1 | |
| Chimaera Roost | 2 | |
| Tree of Life | 1 | |
18 total
» build order
00:38 Moon Well
00:56 Ancient of War
01:11 Altar of Elders
01:57 Hunter's Hall
02:24 Moon Well
03:23 Tree of Ages
03:31 Ancient Protector
03:36 Moon Well
04:37 Ancient Protector
04:57 Moon Well
06:14 Tree of Eternity
06:17 Ancient of Wind
08:02 Moon Well
09:09 Chimaera Roost
09:16 Chimaera Roost
12:22 Moon Well
14:39 Moon Well
18:12 Tree of Life
AngelaCrystal (
teal | 68 APM | 1490 actions | 21:58)
4 Archmage
2 Summon Water Elemental
2 Brilliance Aura
2 Paladin
1 Holy Light
1 Divine Shield
» actions
| Assign group hotkey | 30 | |
| Basic commands | 226 | |
| Build / train | 72 | |
| Enter build submenu | 21 | |
| Enter hero's abilities submenu | 6 | |
| Give item / drop item | 2 | |
| Remove unit from queue | 3 | |
| Right click | 356 | |
| Select / deselect | 328 | |
| Select group hotkey | 383 | |
| Use ability | 63 | |
1490 total
» units
| Peasant | 24 | |
| Rifleman | 8 | |
| Mortar Team | 8 | |
| Sorceress | 2 | |
| Priest | 3 | |
45 total
» upgrades
| Gunpowder | 1 | |
| Armor | 2 | |
| Lumber Harvesting | 2 | |
| Long Rifles | 1 | |
| Flare | 1 | |
| Sorceress Training | 2 | |
| Priest Training | 2 | |
| Fragmentation Shards | 1 | |
12 total
» buildings
| Altar of Kings | 1 | |
| Farm | 11 | |
| Blacksmith | 1 | |
| Barracks | 1 | |
| Scout Tower | 1 | |
| Arcane Tower | 1 | |
| Lumber Mill | 1 | |
| Keep | 1 | |
| Town Hall | 1 | |
| Arcane Sanctum | 1 | |
| Workshop | 1 | |
| Castle | 1 | |
22 total
» build order
00:20 Altar of Kings
00:35 Farm
00:55 Blacksmith
01:10 Barracks
01:33 Farm
01:37 Scout Tower
01:49 Farm
02:20 Arcane Tower
02:52 Lumber Mill
03:31 Farm
04:47 Keep
05:28 Town Hall
06:08 Farm
07:19 Arcane Sanctum
07:20 Workshop
08:45 Farm
08:46 Farm
09:11 Farm
10:10 Castle
12:00 Farm
12:01 Farm
12:02 Farm
» items
FACE.FUC.KER (
pink | 81 APM | 3601 actions | 44:14)
7 Blood Mage
3 Flame Strike
3 Banish
1 Summon Phoenix
1 Mountain King
1 Storm Bolt
1 Paladin
1 Holy Light
» actions
| Assign group hotkey | 107 | |
| Basic commands | 179 | |
| Build / train | 155 | |
| ESC pressed | 4 | |
| Enter build submenu | 62 | |
| Enter hero's abilities submenu | 10 | |
| Right click | 1431 | |
| Select / deselect | 460 | |
| Select group hotkey | 663 | |
| Use ability | 530 | |
3601 total
» units
| Peasant | 12 | |
| Footman | 7 | |
| Goblin Shredder | 1 | |
| Goblin Zeppelin | 4 | |
| Dragonhawk Rider | 1 | |
| Sorceress | 1 | |
| Gryphon Rider | 5 | |
| Knight | 1 | |
| Goblin Sapper | 6 | |
38 total
» upgrades
| Swords | 3 | |
| Armor | 3 | |
| Sorceress Training | 2 | |
| Masonry | 3 | |
| Storm Hammers | 1 | |
| Cloud | 1 | |
| Magic Sentry | 1 | |
| Plating | 2 | |
| Gunpowder | 2 | |
| Priest Training | 1 | |
| Control Magic | 1 | |
| Backpack | 1 | |
21 total
» buildings
| Altar of Kings | 2 | |
| Barracks | 1 | |
| Farm | 24 | |
| Arcane Vault | 3 | |
| Scout Tower | 21 | |
| Arcane Tower | 3 | |
| Town Hall | 6 | |
| Lumber Mill | 1 | |
| Keep | 4 | |
| Guard Tower | 24 | |
| Blacksmith | 2 | |
| Castle | 6 | |
| Gryphon Aviary | 2 | |
| Arcane Sanctum | 1 | |
100 total
» build order
00:52 Altar of Kings
00:54 Barracks
00:58 Farm
01:06 Farm
01:46 Farm
01:59 Farm
02:22 Arcane Vault
02:34 Farm
03:25 Scout Tower
03:57 Arcane Tower
03:57 Arcane Tower
05:21 Town Hall
06:10 Farm
07:33 Lumber Mill
07:47 Scout Tower
07:47 Scout Tower
07:49 Scout Tower
07:50 Keep
08:11 Scout Tower
08:12 Scout Tower
08:12 Scout Tower
08:47 Guard Tower
08:47 Guard Tower
08:48 Guard Tower
08:55 Blacksmith
09:47 Scout Tower
09:48 Scout Tower
09:49 Scout Tower
09:50 Scout Tower
09:51 Scout Tower
10:00 Scout Tower
10:01 Scout Tower
10:11 Castle
10:11 Castle
10:16 Gryphon Aviary
10:18 Gryphon Aviary
11:07 Guard Tower
11:07 Guard Tower
11:13 Guard Tower
11:32 Arcane Sanctum
14:14 Arcane Vault
14:25 Farm
14:26 Farm
14:32 Farm
14:33 Farm
14:34 Farm
15:37 Farm
15:40 Farm
15:42 Farm
17:00 Scout Tower
17:00 Scout Tower
17:41 Guard Tower
17:42 Scout Tower
17:56 Arcane Vault
18:42 Guard Tower
19:16 Farm
19:54 Farm
20:08 Farm
20:09 Farm
20:14 Farm
20:43 Farm
20:47 Farm
23:01 Town Hall
25:21 Keep
25:21 Keep
25:21 Keep
25:48 Scout Tower
26:02 Farm
26:02 Farm
26:03 Farm
26:45 Town Hall
28:07 Town Hall
28:26 Guard Tower
28:26 Guard Tower
28:26 Guard Tower
28:53 Altar of Kings
29:47 Castle
29:47 Castle
29:47 Castle
32:33 Town Hall
33:18 Blacksmith
34:56 Scout Tower
34:57 Scout Tower
34:58 Scout Tower
35:25 Guard Tower
35:25 Guard Tower
35:51 Guard Tower
35:51 Guard Tower
36:19 Guard Tower
36:19 Guard Tower
40:26 Town Hall
» items
| Scroll of Regeneration | 9 | |
| Mechanical Critter | 5 | |
| Lesser Clarity Potion | 8 | |
| Scroll of Town Portal | 4 | |
| Potion of Healing | 2 | |
| Potion of Mana | 3 | |
| Orb of Fire | 1 | |
32 total
CHEEZE (
red | 40 APM | 815 actions | 20:35)
4 Mountain King
1 Thunder Clap
1 Storm Bolt
2 Bash
» actions
| Assign group hotkey | 2 | |
| Basic commands | 21 | |
| Build / train | 49 | |
| Enter build submenu | 18 | |
| Enter hero's abilities submenu | 4 | |
| Right click | 527 | |
| Select / deselect | 165 | |
| Use ability | 29 | |
815 total
» units
| Peasant | 10 | |
| Footman | 10 | |
| Rifleman | 1 | |
| Knight | 14 | |
35 total
» upgrades
| Gunpowder | 1 | |
| Swords | 2 | |
| Plating | 3 | |
| Animal War Training | 1 | |
7 total
» buildings
| Altar of Kings | 1 | |
| Farm | 9 | |
| Barracks | 3 | |
| Blacksmith | 1 | |
| Keep | 1 | |
| Castle | 1 | |
| Lumber Mill | 1 | |
17 total
» build order
00:08 Altar of Kings
00:24 Farm
01:12 Barracks
01:47 Farm
01:59 Blacksmith
03:01 Barracks
03:48 Farm
04:36 Keep
04:55 Farm
06:58 Castle
07:46 Farm
08:21 Barracks
09:11 Farm
09:15 Farm
09:31 Lumber Mill
11:16 Farm
11:18 Farm
Chat log
(00:07 / Allies) AngelaCrystal: rifles morts magic
(00:16 / Allies) CHEEZE: ground too air
(00:23 / Allies) abidu: same
(00:25 / All) BoogerJones: we all have the pleasure of playing with a G.I.R.L.
(03:01 / Allies) AngelaCrystal: coming pink
(03:06 / All) FACE.FUC.KER: kill yourself
(03:09 / All) FACE.FUC.KER: pile of shit harasser
(03:10 / Allies) abidu: omw
(03:11 / All) FACE.FUC.KER: you suck at it
(03:13 / All) FACE.FUC.KER: never try again
(03:24 / Allies) AngelaCrystal: follow me pink
(03:31 / Allies) FACE.FUC.KER: don't take my fucking green camp
(03:34 / Allies) FACE.FUC.KER: I can creep that myself
(03:43 / Allies) AngelaCrystal: then do it
(03:51 / Allies) FACE.FUC.KER: why, it's low priority, I creep other shit first
(04:16 / Allies) AngelaCrystal: lol he tped
(04:17 / All) FACE.FUC.KER: wow orange sucks
(04:21 / All) FACE.FUC.KER: tp level 1 hero hahahaha
(05:50 / Allies) AngelaCrystal: go red
(05:52 / Allies) AngelaCrystal: dont be lazy
(05:57 / Allies) AngelaCrystal: and control your own fucking units
(06:26 / Allies) AngelaCrystal: incoming pink
(06:33 / Allies) AngelaCrystal: lol
(06:50 / All) FACE.FUC.KER: kill yourself yellow
(06:53 / All) FACE.FUC.KER: you fucking suck at harassing
(06:56 / All) FACE.FUC.KER: subhuman absolute trash
(07:03 / Allies) FACE.FUC.KER: and blue stealing my camp
(07:19 / Allies) FACE.FUC.KER: kill yourself blue
(07:32 / Allies) abidu: are you retarded ?
(07:34 / Allies) AngelaCrystal: wtf pink
(07:41 / Allies) FACE.FUC.KER: no, but you're a green camp stealing faggot
(07:49 / Allies) AngelaCrystal: dude its fucking 8 mins into the game
(07:52 / Allies) abidu: you seem to be a moron
(07:54 / Allies) FACE.FUC.KER: lol
(08:07 / Allies) FACE.FUC.KER: let's creep these golems teal
(08:16 / Allies) abidu: its a creep not your mom u fuck
(08:43 / Allies) FACE.FUC.KER: would be a better item for me to harass with but whatever, you can get it and never use it
(08:52 / All) FACE.FUC.KER: My team sucks
(09:00 / Allies) abidu: it wans't about the item sily child
(09:12 / Allies) FACE.FUC.KER: I was talking to teal, not you, you fucking gook, do you speak English?
(09:32 / Allies) abidu: :)
(09:51 / Allies) AngelaCrystal: yea we lose
(09:53 / Allies) AngelaCrystal: im tkign
(09:56 / Allies) FACE.FUC.KER: since you are garbage
(10:38 / All) FACE.FUC.KER: that's how you harass, yellow
(11:43 / Allies) AngelaCrystal: wood plz
(12:02 / All) FACE.FUC.KER: 3 armies going after grunts and blademaster
(12:04 / All) FACE.FUC.KER: lol
(12:50 / All) FACE.FUC.KER: that's how you harass yellow
(12:52 / All) FACE.FUC.KER: you fucking piece of shit
(13:25 / All) FACE.FUC.KER: hahahaha you skillless tank massing 40 apm trash
(13:53 / All) FACE.FUC.KER: thanks for the free xp, you shit
(14:05 / All) BoogerJones: wow
(14:06 / All) FACE.FUC.KER: now I have level 5 flamestrike to harass you more with
(14:10 / All) BoogerJones: lucking fucking faggot
(14:59 / All) BoogerJones: help lol
(15:33 / Allies) AngelaCrystal: gold plz
(15:37 / All) BoogerJones: my fault for not massing tp
(15:39 / All) BoogerJones: *towers
(16:28 / All) FACE.FUC.KER: you play like a robot yellow
(16:30 / All) BoogerJones: yellow seems to have 95 IQ
(16:33 / All) FACE.FUC.KER: just leave, you are absolute shit
(16:40 / All) FACE.FUC.KER: and teal is a garbage 30 apm backstabber
(17:28 / Allies) CHEEZE: stay aliveee teallllll
(17:29 / All) FACE.FUC.KER: teal is a tker
(17:30 / All) FACE.FUC.KER: and shit
(18:22 / All) FACE.FUC.KER: you are fucking trash teal
(18:24 / All) FACE.FUC.KER: kill yourself
(19:08 / All) FACE.FUC.KER: you can't tk if you try
(19:09 / All) FACE.FUC.KER: hahahahaha
(19:20 / Allies) AngelaCrystal: if you lose i win
(19:36 / All) FACE.FUC.KER: yellow, those are the worst tanks I've ever seen
(19:38 / All) FACE.FUC.KER: just stop trying
(19:42 / All) FACE.FUC.KER: you can't kill me when you suck that bad
(19:46 / All) FACE.FUC.KER: don't even try
(20:27 / Allies) CHEEZE: i dident know u fys wher ataking each other lol dam
(20:32 / All) FACE.FUC.KER: yeah go attack the enemy team and try to kill scrubs on your level, teal, red and blue
(20:34 / All) FACE.FUC.KER: you pieces of shit
(20:37 / Allies) AngelaCrystal: well pink is a faggot
(21:33 / All) FACE.FUC.KER: that's howe you use flamestrike
(22:16 / All) FACE.FUC.KER: Teal got my hall when I wasn't looking
(22:20 / All) FACE.FUC.KER: then left since that's the best he can get
(23:25 / All) FACE.FUC.KER: LEVEL 2
(23:26 / All) FACE.FUC.KER: HAHAHAHAHA
(23:36 / All) FACE.FUC.KER: You are free XP to me
(24:10 / All) FACE.FUC.KER: uninstall, yellow
(24:52 / All) TOSH2.0: lol
(26:21 / All) TOSH2.0: lol
(26:26 / All) FACE.FUC.KER: you are free xp to me yellow
(26:29 / All) TOSH2.0: my sister is beautiful beautiful woman
(26:30 / All) BoogerJones: From where you're sitting this must look like a 24-carrat turn of bad luck
(26:31 / All) FACE.FUC.KER: you suck, uninstall and never play again
(26:32 / All) BoogerJones: But the truth is
(26:36 / All) FACE.FUC.KER: The game was rigged from the start
(28:20 / All) FACE.FUC.KER: Did yellow say anything in allied chat?
(29:17 / All) TOSH2.0: wut is protcoloist
(29:26 / All) FACE.FUC.KER: My whole team wanted to tk me this game I think
(30:24 / All) BoogerJones: I remember surg3on
(30:27 / All) FACE.FUC.KER: having to spam stop towers to get xp is so stupid
(30:31 / All) BoogerJones: I think he did something really gay before
(31:43 / All) FACE.FUC.KER: I have so many heroes from leavers that only gave 1 level
(31:47 / All) FACE.FUC.KER: all those gryphons and hawks combined
(32:15 / All) TOSH2.0: watch tusk 2 i learned about canada
(33:18 / All) BoogerJones: There's only one tusk and it came out in 2014
(33:21 / All) BoogerJones: looks likel shit
(33:24 / All) TOSH2.0: tusk 1
(33:42 / All) FACE.FUC.KER: 5.6/10 IMDB score
(35:02 / All) TOSH2.0: fuck
(35:11 / All) FACE.FUC.KER: wow your team is still here
(35:15 / All) BoogerJones: lol
(35:18 / All) BoogerJones: raped
(36:16 / All) TOSH2.0: well anyways the guy meets some old isolated dude in canada and the guy chops off his limbs and sows him into a walrus
(36:43 / All) FACE.FUC.KER: just another day in canada
(36:53 / All) BoogerJones: not my type of movie
(37:50 / All) FACE.FUC.KER: The magic sentry eye looks cool
(38:02 / All) BoogerJones: looks kind of like the eye of horus
(38:14 / All) FACE.FUC.KER: WC3 has some gorgeously designed models for its time
(38:32 / All) BoogerJones: most of it looks cartoonish
(38:43 / All) FACE.FUC.KER: It's aged really well
(38:50 / All) BoogerJones: yeh
(39:02 / All) FACE.FUC.KER: They pack a lot of detail into really low resolutions textures and low polygon models
(39:05 / All) BoogerJones: maybe because the art style is silly
(39:15 / All) FACE.FUC.KER: like all the detail on the knight and his horse's armour
(39:22 / All) TOSH2.0: orange is an arrogant bastrard
(39:27 / All) BoogerJones: Yes lol
(39:29 / All) FACE.FUC.KER: the gryphon rider has a lot of detail looking at it too
(39:34 / All) BoogerJones: he had nothing and threatened to tk
(39:43 / All) FACE.FUC.KER: they even draw armour on the dwarf's nose that you'll never ever notice
(39:49 / All) BoogerJones: shreddar looks cool
(39:52 / All) TOSH2.0: i concur wiht pink i like the models
(40:47 / All) BoogerJones: WoW was considered really great graphics at teh time
(40:48 / All) FACE.FUC.KER: Yellow
(40:52 / All) FACE.FUC.KER: If you paypal each of us $5
(40:55 / All) FACE.FUC.KER: you can still get the win
(40:58 / All) FACE.FUC.KER: 2 easy payments of $5
(41:00 / All) FACE.FUC.KER: Sound fair?
(41:31 / All) BoogerJones: I always thought WoW looked like shit
(41:47 / All) FACE.FUC.KER: Even when it was new it wasn't that great
(41:52 / All) FACE.FUC.KER: maybe for an open world MMO I guess
(41:57 / All) BoogerJones: Diablo 2 looks better
(42:03 / All) FACE.FUC.KER: Yeah
(42:08 / All) FACE.FUC.KER: Diablo 2 has aged really well
(42:11 / All) FACE.FUC.KER: Early 3D looks like shit
(42:16 / All) BoogerJones: Yeah
(42:17 / All) FACE.FUC.KER: but isometric art lasts forever
(42:36 / All) BoogerJones: I really don't like 3D art for the mostt part
(42:46 / All) BoogerJones: Vampire the Masquerade Bloodlines is fukcing ugly
(43:09 / All) FACE.FUC.KER: that uses gold so fast
(43:26 / All) FACE.FUC.KER: End it?
(43:27 / All) BoogerJones: I wish Bloodlines was isometric
(43:33 / All) FACE.FUC.KER: Redemption was
(43:37 / All) FACE.FUC.KER: but Bloodlines is the better game
(43:37 / All) BoogerJones: some fan should remake it with all teh sounds and shit
(43:41 / All) FACE.FUC.KER: Should have been in the style of Redemption
(43:46 / All) BoogerJones: but in a isometric, 2D/3D style
(44:07 / All) BoogerJones: should be in style of arcanum but a lot prettier